 Dungeon Crawl Stone Soup version 0.20.1-1-g8b1a95d (webtiles) character file.

292 Ranyas the Skirmisher (level 6, 0/56 HPs)
             Began as a Hill Orc Abyssal Knight on Oct 28, 2017.
             Was a Believer of Lugonu.
             Succumbed to yogakurto's ghost's poison
             ... on level 4 of the Dungeon on Oct 29, 2017.
             The game lasted 01:01:29 (3013 turns).

Ranyas the Skirmisher (Hill Orc Abyssal Knight)     Turns: 3013, Time: 01:01:30

Health: 0/56       AC: 12    Str: 17    XL:     6   Next: 33%
Magic:  8/8        EV: 10    Int: 12    God:    Lugonu [**....]
Gold:   151        SH:  0    Dex: 10    Spells: 5/5 levels left

rFire    . . .     SeeInvis .   f - +2 dagger (speed)
rCold    . . .     Gourm    +   (no shield)
rNeg     . . .     Faith    .   M - +1 scale mail
rPois    .         Spirit   .   C - +2 helmet
rElec    .         Reflect  .   (no cloak)
rCorr    .         Harm     .   Q - +0 pair of gloves
MR       .....                  (no boots)
Stlth    ..........             R - amulet of the gourmand
Regen    0.2/turn               (no ring)
MPRegen  0.2/turn               (no ring)

@: confused, lethally poisoned (0 -> -4)
A: no striking features
a: Depart the Abyss, Bend Space, Renounce Religion


You were on level 4 of the Dungeon.
You worshipped Lugonu.
Lugonu was pleased with you.
You were completely stuffed.

You visited 1 branch of the dungeon, and saw 4 of its levels.
You visited the Abyss 1 time.

You collected 151 gold pieces.

Inventory:

Hand Weapons
 a - a +1 hand axe
 c - a +0 club
 d - a +0 dagger
 e - a +0 mace
 f - a +2 dagger of speed (weapon)
 h - a +0 spear
 i - a +0 dagger
 k - a +1 falchion of protection
 m - a +0 club
 s - a +0 short sword
 v - a +0 club
 y - a +0 short sword
 A - a +0 spear of flaming
 L - a +0 whip
 P - a +0 mace
 S - a cursed -1 club
 T - a +0 short sword
 U - a +0 halberd
Missiles
 g - 132 stones
 l - 50 poisoned needles (quivered)
 u - 62 arrows
 x - 72 bolts
 B - 2 curare-tipped needles
 K - 4 tomahawks
Armour
 b - a +0 leather armour
 n - a +0 robe
 o - a +0 helmet
 q - a +0 leather armour
 C - a +2 helmet (worn)
 D - a +0 leather armour
 I - a +0 chain mail
 M - a +1 scale mail (worn)
 Q - a +0 pair of gloves (worn)
Jewellery
 R - an amulet of the gourmand (around neck)
Wands
 J - a wand of enslavement (0/24)
Scrolls
 p - 3 scrolls of identify
 r - 3 scrolls of teleportation
 t - a scroll of enchant armour
 w - a scroll of remove curse {unknown}
 E - 3 scrolls of amnesia {unknown}
 N - a scroll of random uselessness {unknown}
Potions
 F - a potion of mutation {unknown}
 H - a potion of agility {unknown}
Comestibles
 G - 2 meat rations
 O - 2 bread rations


   Skills:
 + Level 5.1 Fighting
 + Level 1.7(2.2) Short Blades
 + Level 2.4(2.8) Long Blades
 + Level 3.5 Axes
 + Level 1.0 Throwing
 + Level 3.2 Armour
 + Level 1.9 Dodging
 + Level 0.3 Stealth
 + Level 2.9 Invocations


You had 5 spell levels left.
You didn't know any spells.

Dungeon Overview and Level Annotations

Branches:
Dungeon (4/15)
 Temple: D:4-7

Altars:
Okawaru
Sif Muna

Annotations:
D:4 yogakurto's ghost, novice DrEn


Message History

You feel sick.
Yogakurto's ghost gestures at you while chanting.
The spray of energy hits you!
You are more confused.
You feel sick.
You feel sick.
Yogakurto's ghost boasts, "After taking care of you, I will research a spell that consumes the world."
Yogakurto's ghost barely misses you.
You're too confused to move!
You feel sick. Yogakurto's ghost barely misses you.
You're too confused to move!
Yogakurto's ghost closely misses you.
You bump into the rock wall.
You feel sick. The ogre hits you with a giant club!
* * * LOW HITPOINT WARNING * * *
Yogakurto's ghost hits you but does no damage.
You feel sick.
Yogakurto's ghost gestures at you while chanting.
The spray of energy hits you!
* * * LOW HITPOINT WARNING * * *
You die...

##........#. #...##'####.
####...####. #.........
#......... #......... .
##########'####... #(##
#####...#........##..< .....
#.WO.@..'........#....
......#.......#........#....
......'.......#..>.....#....
......#.......#........#....
##...####...###........#####
#... ##'### ########......
#.. #....# #...... #. #....#
#>..... #....# #......


You could see an ogre and yogakurto's ghost.

Vanquished Creatures
  A scorpion (D:4)
  A hound (D:4)
  Ijyb (D:3)
  A hound skeleton (D:4)
  3 gnolls (D:3)
  5 adders
  2 oozes (D:1)
  An adder skeleton (D:4)
  6 worms
  3 leopard geckos
  An orc (D:3)
  3 giant cockroaches (D:2)
  6 hobgoblins
  A quokka (D:2)
  11 bats
  4 frilled lizards
  12 goblins
  10 kobolds
  A leopard gecko skeleton (D:4)
  7 rats
80 creatures vanquished.

Notes
Turn   | Place    | Note
-------+----------+-------------------------------------------
     0 | Abyss:1  | Ranyas the Hill Orc Abyssal Knight began the quest for the Orb.
     0 | Abyss:1  | Reached XP level 1. HP: 19/19 MP: 2/2
    11 | D:1      | Escaped the Abyss
    35 | D:1      | Reached * piety under Lugonu
    52 | D:1      | Reached XP level 2. HP: 12/27 MP: 4/4
    59 | D:1      | Reached skill level 4 in Fighting
   119 | D:1      | Found an iron altar of Okawaru.
   200 | D:1      | Reached XP level 3. HP: 21/33 MP: 5/5
   735 | D:2      | Reached skill level 1 in Long Blades
   742 | D:2      | Found a deep blue altar of Sif Muna.
   861 | D:2      | Reached skill level 1 in Dodging
   861 | D:2      | Reached XP level 4. HP: 38/40 MP: 6/6
  1072 | D:2      | Reached ** piety under Lugonu
  1815 | D:3      | Noticed Ijyb
  1873 | D:3      | Killed Ijyb
  1873 | D:3      | Reached XP level 5. HP: 46/47 MP: 7/7
  2537 | D:4      | Reached skill level 1 in Throwing
  2591 | D:4      | Reached skill level 5 in Fighting
  2625 | D:4      | Reached skill level 1 in Short Blades
  2625 | D:4      | Reached XP level 6. HP: 11/56 MP: 8/8
  2992 | D:4      | Noticed yogakurto's ghost (novice DrEn)
  3011 | D:4      | HP: 1/56 [yogakurto's ghost/spray of energy (6)]
  3013 | D:4      | Succumbed to yogakurto's ghost's poison

Skill      XL: |  1  2  3  4  5 |
---------------+----------------+-----
Fighting       | 4 5 |  5.1
Axes           | 3 |  3.5
Long Blades    | 1 2 |  2.4
Dodging        | 1 |  1.9
Armour         | 3 |  3.2
Throwing       | 1 |  1.0
Short Blades   | 1 |  1.7
Stealth        | |  0.3
Invocations    | |  2.9

Action                   |  1- 3 |  4- 6 || total
-------------------------+-------+-------++-------
Melee: Hand axe          |    18 |       ||    18
       Falchion          |    84 |   113 ||   197
       Dagger            |       |   174 ||   174
Throw: Stone             |     3 |    49 ||    52
Invok: Depart the Abyss  |     1 |       ||     1
  Use: Scroll            |       |     3 ||     3
       Potion            |       |     1 ||     1
  Eat: Bread ration      |     1 |       ||     1
       Fruit             |     1 |       ||     1
       Chunk             |       |     7 ||     7
       Meat ration       |       |     1 ||     1
Armor: Leather armour    |    31 |    61 ||    92
       Scale mail        |       |    49 ||    49
Dodge: Dodged            |    64 |   131 ||   195
       Rpst.: Falchion   |    22 |    22 ||    44
